 Dungeon Crawl Stone Soup version 0.21.1-1-g345015f (webtiles) character file.

100 vatarom the Chiller (level 4, -4/37 HPs)
             Began as a Barachi Ice Elementalist on Apr 5, 2018.
             Killed from afar by Sigmund (9 damage)
             ... with a puff of flame
             ... on level 3 of the Dungeon.
             The game lasted 00:07:24 (3048 turns).

vatarom the Chiller (Barachi Ice Elementalist)      Turns: 3048, Time: 00:07:25

Health: -4/37      AC:  2    Str:  8    XL:     4   Next: 74%
Magic:  1/8        EV: 12    Int: 16    God:
Gold:   113        SH:  0    Dex: 12    Spells: 2/8 levels left

rFire    . . .     SeeInvis .   l - +0 falchion
rCold    . . .     Gourm    .   (no shield)
rNeg     . . .     Faith    .   a - +0 robe
rPois    .         Spirit   .   (no helmet)
rElec    .         Reflect  .   (no cloak)
rCorr    .         Harm     .   (no gloves)
MR       .....                  (no boots)
Stlth    ++........             t - amulet of rage
HPRegen  0.12/turn              d - ring of stealth
MPRegen  0.11/turn              (no ring)

@: confused, flying, slow
A: +LOS, swims, hooves 1, robust 1, slowness 1, weak 1, strong legs 1
a: Hop, Evoke Berserk Rage


You were on level 3 of the Dungeon.
You were hungry.

You visited 1 branch of the dungeon, and saw 3 of its levels.

You collected 113 gold pieces.

Inventory:

Hand Weapons
 g - a +0 dagger
 l - a +0 falchion (weapon)
 q - a +0 hunting sling of flaming
Armour
 a - a +0 robe (worn)
Jewellery
 d - a ring of stealth (left hand)
 t - an amulet of rage (around neck)
Wands
 k - a wand of clouds (1)
 m - a wand of digging (10)
Scrolls
 e - 2 scrolls of teleportation {unknown}
 f - a scroll of noise {unknown}
 h - 2 scrolls of enchant armour {unknown}
 j - 6 scrolls of identify {unknown}
 n - 2 scrolls of remove curse {unknown}
 r - a scroll of fog {unknown}
Potions
 i - a potion of heal wounds {unknown}
Books
 b - a book of Frost

   Spells                             Type                      Level
   a - Freeze                         Ice                          1
   b - Throw Frost                    Conjuration/Ice              2
   c - Ozocubu's Armour               Charms/Ice                   3
   d - Throw Icicle                   Conjuration/Ice              4
   e - Summon Ice Beast               Ice/Summoning                4
Comestibles
 c - 5 rations
 s - a chunk of flesh


   Skills:
 + Level 2.3 Fighting
 - Level 2.1 Dodging
 - Level 1.7 Stealth
 + Level 2.9 Spellcasting
 + Level 1.8 Conjurations
 * Level 5.0 Ice Magic


You had 2 spell levels left.
You knew the following spells:

 Your Spells              Type           Power        Failure   Level  Hunger
a - Freeze                Ice            ###.         2%          1    #......
b - Throw Frost           Conj/Ice       ##....       7%          2    ##.....
c - Ozocubu's Armour      Chrm/Ice       ##......     21%         3    ###....


Dungeon Overview and Level Annotations

Branches:
Dungeon (3/15)

Altars:
Xom

Annotations:
D:3 Sigmund


Innate Abilities, Weirdness & Mutations

Shadows flee at your approach. (+LOS)
You can swim through water.
You cover ground slowly.
You can hop short distances.
You have large cloven feet.
You are robust. (+10% HP)
You are weak. (Str -2)


Message History

You're too confused to move!
Sigmund closely misses you.
You bump into the rock wall.
Sigmund barely misses you.
You're too confused to attack without stumbling around!
You're too confused to attack without stumbling around!
You're too confused to attack without stumbling around!
You're too confused to attack without stumbling around!
You bump into the rock wall.
Some of the chunks of flesh in your inventory have rotted away.
You bump into the rock wall.
Sigmund hits you with a scythe!
* * * LOW HITPOINT WARNING * * *
It was a potion of flight.
You feel very buoyant.
You fly up into the air.
Sigmund casts a spell at you. The puff of flame misses you.
It was a potion of mutation.
You feel extremely strange.
You feel weaker.
You feel robust.
Your feet thicken and deform.
Sigmund casts a spell at you. The puff of flame hits you!
You die...

#.#.## #.#.##
#.#.## #....#
###..# ##### #..#
##...## #..#
########.....# #..#
#.ยงยงยง@@(.....#
#..# #.######.....#
#..#
##...########..#
##.###......... #.#
#.#####..# #.###.##
#..#
#.####.##...####..#
#.................#
#########.........#


You could see Sigmund.

Vanquished Creatures
  Robin (D:2)
  3 gnolls (D:2)
  An adder (D:2)
  An ooze (D:3)
  A worm (D:2)
  An orc (D:3)
  2 giant cockroaches (D:1)
  9 goblins
  5 hobgoblins
  3 jackals (D:1)
  4 bats
  A frilled lizard (D:1)
  8 kobolds
  5 rats
45 creatures vanquished.

Notes
Turn   | Place    | Note
-------+----------+-------------------------------------------
     0 | D:1      | vatarom the Barachi Ice Elementalist began the quest for the Orb.
     0 | D:1      | Reached XP level 1. HP: 13/13 MP: 3/3
   186 | D:1      | Reached skill level 1 in Fighting
   186 | D:1      | Reached XP level 2. HP: 4/21 MP: 0/5
   188 | D:1      | Reached skill level 4 in Ice Magic
   509 | D:1      | Learned a level 2 spell: Throw Frost
  1221 | D:2      | Reached XP level 3. HP: 26/26 MP: 2/6
  1360 | D:2      | Found a shimmering altar of Xom.
  1361 | D:2      | Found a shimmering altar of Xom.
  1619 | D:2      | Reached XP level 4. HP: 21/33 MP: 4/8
  1852 | D:2      | Noticed Robin
  1857 | D:2      | Learned a level 3 spell: Ozocubu's Armour
  2092 | D:2      | Killed Robin
  3026 | D:3      | Noticed Sigmund
  3028 | D:3      | Reached skill level 5 in Ice Magic
  3048 | D:3      | Gained mutation: You are weak. (Str -2) [potion of mutation]
  3048 | D:3      | Gained mutation: You are robust. (+10% HP) [potion of mutation]
  3048 | D:3      | Gained mutation: You have large cloven feet. [potion of mutation]
  3048 | D:3      | Killed from afar by Sigmund

Skill      XL: |  1  2  3  4 |
---------------+-------------+-----
Fighting       | 1 2 |  2.3
Ice Magic      | 4 5 |  5.0
Dodging        | |  2.1
Stealth        | |  1.7
Spellcasting   | |  2.9
Conjurations   | |  1.8

Action                   |  1- 3 |  4- 6 || total
-------------------------+-------+-------++-------
Melee: Dagger            |    17 |       ||    17
       Falchion          |       |    12 ||    12
 Cast: Freeze            |    24 |    26 ||    50
       Throw Frost       |    11 |     7 ||    18
       Ozocubu's Armour  |       |     1 ||     1
 Abil: Hop               |     3 |       ||     3
Evoke: Wand              |     1 |     2 ||     3
  Use: Potion            |     1 |     2 ||     3
 Stab: Sleeping          |     1 |     2 ||     3
  Eat: Chunk             |     2 |     3 ||     5
       Ration            |       |     1 ||     1
Armor: Robe              |     8 |     7 ||    15
Dodge: Dodged            |    26 |    21 ||    47
       Rpst.: Falchion   |       |     4 ||     4
